 Dungeon Crawl Stone Soup version 0.29.0-5-ge4962eb29e (webtiles) character file.

Game seed: 6005111754138932791

71 Anothat the Shield-Bearer (level 4, -2/37 HPs)
             Began as a Formicid Fighter on Aug 29, 2022.
             Slain by a hobgoblin (5 damage)
             ... led by Robin
             ... on level 2 of the Dungeon.
             The game lasted 00:02:23 (1021 turns).

Anothat the Shield-Bearer (Formicid Fighter)        Turns: 1021, Time: 00:02:23

Health: -2/37      AC:  9    Str: 23    XL:     4   Next: 47%
Magic:  4/4        EV:  7    Int:  7    God:
Gold:   47         SH:  5    Dex: 13    Spells: 3/3 levels left

rFire   + . .      SeeInvis +   a - +1 war axe (vorpal)
rCold   + . .      Faith    .   c - +0 buckler
rNeg    . . .      Spirit   .   n - +0 chain mail
rPois   +          Reflect  .   (helmet unavailable)
rElec   +          Harm     .   (no cloak)
rCorr   +          Rampage  .   (no gloves)
Will    .....                   (no boots)
Stlth   ..........              (no amulet)
HPRegen 0.12/turn               (no ring)
MPRegen 0.09/turn               (no ring)

@: resistant
A: permanent stasis, dig shafts and tunnels, antennae 3, four strong arms
a: Dig, Shaft Self


You were on level 2 of the Dungeon.
You visited 1 branch of the dungeon, and saw 2 of its levels.

You collected 47 gold pieces.

Inventory:

Hand Weapons
 a - a +1 vorpal war axe (weapon)
Armour
 b - a +0 scale mail
 c - a +0 buckler (worn)
 n - a +0 chain mail (worn)
Scrolls
 f - a scroll of enchant armour {unknown}
Potions
 d - 3 potions of might
 e - 2 potions of flight
 l - a potion of ambrosia {unknown}


   Skills:
 + Level 3.9 Fighting
 * Level 3.4 Axes
 - Level 3.2 Armour
 + Level 4.7 Shields


You had 3 spell levels left.
You didn't know any spells.
Your spell library contained the following spells:

 Spells                   Type           Power      Damage    Failure   Level
 Airstrike                Air            0%         2d(0-16)  100%        4
 Summon Lightning Spire   Summ/Air       0%         N/A       100%        4
 Lightning Bolt           Conj/Air       0%         1d11      100%        5


Dungeon Overview and Level Annotations

Branches:
Dungeon (2/15)

Altars:

Shops:
D:1 [

Annotations:
D:2 1 runed translucent door, Crazy Yiuf, Robin


Innate Abilities, Weirdness & Mutations

You cannot be hasted, slowed, berserked, paralysed or teleported.
You can dig through walls and to a lower floor.
You have a pair of large antennae on your head. (SInv)
Your four strong arms can wield two-handed weapons with a shield.


Message History

The hobgoblin hits you but does no damage.
Robin roars a battlecry!
The hobgoblin goes into a battle-frenzy!
You slash the hobgoblin!
You kill the hobgoblin!
You hit Robin but do no damage.
Robin drinks a potion.
Robin seems to grow stronger.
You closely miss Robin.
Robin is lightly wounded.
Robin hits you but does no damage. Robin hits you with a +0 falchion.
You hit Robin but do no damage.
Robin is lightly wounded.
You barely miss Robin.
Robin is lightly wounded.
Robin hits you with a +0 falchion.
You slash Robin!
Robin is almost dead.
You hit the hobgoblin but do no damage.
The hobgoblin hits you but does no damage.
Robin hits you with a +0 falchion!
* * * LOW HITPOINT WARNING * * *
The hobgoblin closely misses you. Robin hits you with a +0 falchion.
* * * LOW HITPOINT WARNING * * *
You are too injured to fight recklessly!
You are too injured to fight recklessly!
You are too injured to fight recklessly!
You are too injured to fight recklessly!
You are too injured to fight recklessly!
You are too injured to fight recklessly!
You are too injured to fight recklessly!
You are too injured to fight recklessly!
You are too injured to fight recklessly!
You are too injured to fight recklessly!
You are too injured to fight recklessly!
You are too injured to fight recklessly!
Okay, then.
It was a potion of resistance.
You feel protected. The hobgoblin hits you.
You die...

~~~P.#.##
##...P## ###..)#
P~##.#..###
###### ###
###.......###
#.........##
#.(.....#..####
#<......##....#
#.......#####.##
###+##+## #..#
##@# #ggJ....# {
####..### .# #


You could see Robin (strong), an endoplasm and a hobgoblin (strong).

Vanquished Creatures
  An adder (D:2)
  3 dart slugs
  4 ball pythons (D:1)
  4 endoplasms (D:1)
  3 giant cockroaches
  11 goblins
  6 hobgoblins
  2 jackals (D:2)
  A quokka (D:2)
  5 bats
  5 frilled lizards
  2 kobolds (D:1)
  4 rats
51 creatures vanquished.

Vanquished Creatures (others)
  A fungus (D:2)
  2 plants (D:2)
  5 toadstools (D:1)
8 creatures vanquished.

Grand Total: 59 creatures vanquished

Notes
Turn   | Place    | Note
-------+----------+-------------------------------------------
     0 | D:1      | Anothat the Formicid Fighter began the quest for the Orb.
     0 | D:1      | Reached XP level 1. HP: 18/18 MP: 1/1
    37 | D:1      | Reached XP level 2. HP: 24/24 MP: 2/2
   136 | D:1      | Found Wuist's Antique Armour Boutique.
   292 | D:1      | Reached XP level 3. HP: 29/29 MP: 3/3
   920 | D:2      | Reached XP level 4. HP: 35/37 MP: 4/4
   955 | D:2      | Found a runed translucent door.
   956 | D:2      | Noticed Crazy Yiuf
   999 | D:2      | Identified the +1 helmet "Xyig" {Harm rF+ rCorr Int-3}
   999 | D:2      | Noticed Robin
  1021 | D:2      | Slain by a hobgoblin

Illustrated notes

Levels and vault maps discovered:
D:1:      ldierk_walled_garden, layout_rooms, serial_shops, shop,
          chequers_mini_garden, minmay_vboxes
D:2:      layout_basic, serial_shops, nicolae_square_shop, serial_bayou_pond_c,
          uniq_crazy_yiuf_cottage, uniq_robin

Skill      XL: |  1  2  3 |
---------------+----------+-----
Axes           | 3 |  3.4
Fighting       | |  3.9
Armour         | |  3.2
Shields        | |  4.7

Action                   |  1- 3 |  4- 6 || total
-------------------------+-------+-------++-------
Melee: War axe           |    80 |    22 ||   102
  Use: Scroll            |     8 |       ||     8
       Potion            |       |     1 ||     1
Armor: Scale mail        |    20 |       ||    20
       Chain mail        |    22 |    23 ||    45
Dodge: Dodged            |    35 |    10 ||    45
Block: Buckler           |    15 |     5 ||    20
